 Dungeon Crawl Stone Soup version 0.26-a0-682-g294304f6e8 (webtiles) character file.

Game seed: 5562206261696067468

(classic levelgen) 21 EnegeticOcto the Chiller (level 2, -4/20 HPs)
             Began as a Gnoll Ice Elementalist on Oct 20, 2020.
             Slain by a lemure (9 damage)
             ... led by Pikel
             ... on level 3 of the Dungeon.
             The game lasted 00:01:26 (196 turns).

EnegeticOcto the Chiller (Gnoll Ice Elementalist)    Turns: 196, Time: 00:01:27

Health: -4/20      AC:  2    Str: 10    XL:     2   Next: 83%
Magic:  7/7        EV: 14    Int: 17    God:
Gold:   32         SH:  0    Dex: 15    Spells: 9/10 levels left

rFire    . . .     SeeInvis .   d - -3 mace (curse)
rCold    . . .     Faith    .   (no shield)
rNeg     . . .     Spirit   .   a - +0 robe
rPois    .         Reflect  .   (no helmet)
rElec    .         Harm     .   (no cloak)
rCorr    .         Rampage  .   (no gloves)
MR       .....                  (no boots)
Stlth    +++.......             (no amulet)
HPRegen  0.06/turn              (no ring)
MPRegen  0.10/turn              (no ring)

@: no status effects
A: distributed training, fangs 1, strong nose
a: no special abilities


You were on level 3 of the Dungeon.
You visited 1 branch of the dungeon, and saw 4 of its levels.

You collected 32 gold pieces.

Inventory:

Hand Weapons
 d - a cursed -3 mace (weapon)
Armour
 a - a +0 robe (worn)
Wands
 c - a wand of flame (11) {@v4}
 g - a wand of digging (7) {@v3}
Scrolls
 b - a scroll of enchant armour {unknown}
 e - a scroll of identify {unknown}
 f - a scroll of fog {unknown}


   Skills:
 + Level 0.5 Fighting
 + Level 0.5 Short Blades
 + Level 0.5 Long Blades
 + Level 0.5 Axes
 + Level 0.5 Maces & Flails
 + Level 0.5 Polearms
 + Level 0.5 Staves
 + Level 0.5 Slings
 + Level 0.5 Bows
 + Level 0.5 Crossbows
 + Level 0.5 Throwing
 + Level 0.5 Armour
 + Level 4.5 Dodging
 + Level 4.1 Stealth
 + Level 0.5 Shields
 + Level 0.5 Unarmed Combat
 + Level 4.9 Spellcasting
 + Level 0.3 Conjurations
 + Level 0.3 Hexes
 + Level 0.3 Summonings
 + Level 0.3 Necromancy
 + Level 0.3 Translocations
 + Level 0.3 Transmutations
 + Level 0.3 Fire Magic
 + Level 7.0 Ice Magic
 + Level 0.3 Air Magic
 + Level 0.3 Earth Magic
 + Level 0.3 Poison Magic
 + Level 0.6 Invocations
 + Level 0.5 Evocations


You had 9 spell levels left.
You knew the following spells:

 Your Spells              Type           Power        Failure   Level
a - Freeze                Ice            ####         1%          1

Your spell library contained the following spells:

 Spells                   Type           Power        Failure   Level
 Frozen Ramparts          Ice            ####..       2%          3
 Ozocubu's Armour         Ice            ####....     2%          3
 Hailstorm                Conj/Ice       ###.....     30%         4
 Summon Ice Beast         Ice/Summ       ###.....     30%         4


Dungeon Overview and Level Annotations

Branches:
Dungeon (4/15)
 Temple: D:4-7

Altars:

Annotations:
D:4 Pikel


Innate Abilities, Weirdness & Mutations

Your experience applies equally to all skills.
You have very sharp teeth.
Your uncanny sense of smell can sniff out nearby items.


Message History

Magic restored.
There is a stone staircase leading down here.
You climb downwards. 2 skeletons come into view.
Found a stone staircase leading up.
There is a stone staircase leading up here.
There is a stone staircase leading up here.
You climb upwards.
Found a scale mail, a scroll labeled PAGEFICEEWK and 23 stones.
There is a stone staircase leading down here.
e - a scroll labeled PAGEFICEEWK
There is a stone staircase leading down here.
You climb downwards.
The jackal skeleton bites you but does no damage.
The jackal skeleton closely misses you.
There is a stone staircase leading up here.
You hit the jackal skeleton.
The jackal skeleton is moderately damaged.
The jackal skeleton bites you.
You hit the jackal skeleton but do no damage.
The jackal skeleton is moderately damaged.
The jackal skeleton bites you but does no damage.
The jackal skeleton completely misses you.
You hit the jackal skeleton.
You destroy the jackal skeleton!
No target in view!
There is a stone staircase leading up here.
The hound skeleton completely misses you.
You hit the hound skeleton.
The hound skeleton is lightly damaged.
The hound skeleton barely misses you. The hound skeleton bites you.
You hit the hound skeleton.
The hound skeleton is moderately damaged.
The hound skeleton barely misses you.
You hit the hound skeleton but do no damage.
The hound skeleton is moderately damaged.
The hound skeleton closely misses you. The hound skeleton bites you.
You hit the hound skeleton.
The hound skeleton is heavily damaged.
The hound skeleton barely misses you.
The hound skeleton bites you but does no damage.
You barely miss the hound skeleton.
The hound skeleton is heavily damaged.
The hound skeleton misses you. The hound skeleton bites you.
You hit the hound skeleton.
The hound skeleton is severely damaged.
The hound skeleton bites you. The hound skeleton barely misses you.
You are too injured to fight recklessly!
You are too injured to fight recklessly!
You hit the hound skeleton but do no damage.
The hound skeleton is severely damaged.
The hound skeleton closely misses you.
You barely miss the hound skeleton.
The hound skeleton is severely damaged.
The hound skeleton completely misses you.
The hound skeleton barely misses you.
You hit the hound skeleton.
The hound skeleton is severely damaged.
The hound skeleton closely misses you.
The hound skeleton bites you but does no damage.
You hit the hound skeleton.
The hound skeleton is severely damaged.
The hound skeleton completely misses you.
The hound skeleton bites you.
You hit the hound skeleton.
The hound skeleton is almost destroyed.
The hound skeleton bites you but does no damage.
The hound skeleton completely misses you.
You hit the hound skeleton.
You destroy the hound skeleton!
Found a scroll labeled UZISKI FAKKA.
Found a curved iron wand.
f - a scroll labeled UZISKI FAKKA
g - a wand of digging (7) {@v3}
Found 14 stones. 2 lemures and Pikel come into view.
Pikel is wielding a +0 whip of freezing and carrying a wand of paralysis (9).
The lemure shouts!
You hear a shout! x3
A lemure comes into view.
Found an escape hatch in the ceiling.
Pikel shouts!
You hear a shout! x2
The lemure closely misses you.
Pikel says, "I'm sure they'll be treated well, anyway."
Evoke which item? (* to show all) (? for menu, Esc to quit)
Okay, then.
You hit the lemure but do no damage. The lemure closely misses you.
You hit the lemure.
The lemure is lightly wounded.
The lemure hits you. x2
A lemure comes into view.
An orc priest comes into view. It is wielding a +0 flail.
Pikel waves his whip at you.
There is a stone staircase leading up here.
The lemure hits you.
* * * LOW HITPOINT WARNING * * *
You climb upwards.
There is a stone staircase leading down here.
You hit the lemure but do no damage. Your bite misses the lemure.
The lemure closely misses you. The lemure hits you!
You die...

### #<# ######
#.# #....#
#.###.##.#
#.....##.####
########....#
####.#
########.##
.........@#
#####.###5#
#.###.# #.....#
#..##.#
#..##.####
#........#
####.##......####
........##....†.#


You could see a lemure.

Vanquished Creatures
  A hound skeleton (D:4)
  4 goblins
  A hobgoblin (D:1)
  2 bats (D:3)
  A jackal skeleton (D:4)
9 creatures vanquished.

Notes
Turn   | Place    | Note
-------+----------+-------------------------------------------
     0 | D:1      | EnegeticOcto the Gnoll Ice Elementalist began the quest for
                  | the Orb.
     0 | D:1      | Reached XP level 1. HP: 13/13 MP: 6/6
    71 | D:3      | Reached XP level 2. HP: 19/19 MP: 3/7
   169 | D:4      | Noticed Pikel
   169 | D:4      | Noticed a lemure
   169 | D:4      | Noticed a lemure
   169 | D:4      | Noticed a lemure
   172 | D:4      | Noticed a lemure
   196 | D:3      | Slain by a lemure

Illustrated notes

Levels and vault maps discovered:
D:1:      dpeg_arrival_central, layout_basic
D:2:      layout_rooms, uniq_natasha
D:3:      layout_basic, chequers_ecumenical_altar_island,
          gammafunk_ghost_necromancy, uniq_grinder
D:4:      layout_rooms, uniq_pikel, uniq_ijyb, uniq_edmund

Action                   || total
-------------------------++-------
Melee: Mace              ||    18
 Cast: Freeze            ||     8
Armor: Robe              ||     5
Dodge: Dodged            ||    25

Table legend: (Time is in decaauts)
 A = Elapsed time spent in this place.
 B = Non-inter-level travel time spent in this place.
 C = Inter-level travel time spent in this place.
 D = Time resting spent in this place.
 E = Time spent auto-exploring this place.
 F = Levels seen in this place.
 G = Mean time per level.
                   A        B        C        D        E       F      G
               +--------+--------+--------+--------+--------+-----+--------+
         Total |    203 |    195 |      8 |      0 |      0 |   4 |   50.8 |
       Dungeon |    203 |    195 |      8 |      0 |      0 |   4 |   50.8 |
               +--------+--------+--------+--------+--------+-----+--------+

Top non-repeatable levels by time:
     D:4: 74 daAuts
     D:3: 68 daAuts
     D:1: 54 daAuts
     D:2: 6 daAuts
